 Dungeon Crawl Stone Soup version 0.30.2 (webtiles) character file.

Game seed: 15760577546340225880

23436 porpoise the Severer (level 13, 0/111 HPs)
             Began as a Hill Orc Fighter on Feb 22, 2024.
             Was an Elder of Qazlal.
             Slain by a seven-headed hydra (9 damage)
             ... on level 4 of the Lair of Beasts.
             The game lasted 00:47:46 (13944 turns).

porpoise the Severer (Hill Orc Fighter)            Turns: 13944, Time: 00:47:47

Health: 0/111      AC: 21    Str: 28    XL:     13   Next: 6%
Magic:  16/22      EV: 16    Int:  8    God:    Qazlal [****..]
Gold:   996        SH: 10    Dex: 10    Spells: 12/12 levels left

rFire   + . .        w - +6 trident "Qiemisch" {heavy, rF+ rC- rN+ Str+4}
rCold   x . .        c - +0 buckler
rNeg    + + .        S - +0 pearl dragon scales
rPois   .            f - +1 helmet
rElec   .            T - +1 cloak {Stlth+}
rCorr   .            g - +0 pair of gloves
SInv    .            D - +0 pair of boots
Will    +....        y - amulet of the acrobat Stlth
                     R - ring of willpower
HPRegen 0.38/turn    J - +5 ring of evasion
MPRegen 0.18/turn

%: repel missiles, acrobat
@: about to teleport
A: no striking features
a: Renounce Religion, Upheaval, Elemental Force


You were on level 4 of the Lair of Beasts.
You worshipped Qazlal.
Qazlal was greatly pleased with you.
You visited 3 branches of the dungeon, and saw 16 of its levels.

You collected 1007 gold pieces.
You spent 11 gold pieces at shops.

Inventory:

Hand Weapons
 a - a +0 war axe
 b - a +0 sling
 w - the +6 trident "Qiemisch" (weapon) {heavy, rF+ rC- rN+ Str+4}
   (You found it on level 4 of the Dungeon)

   Str:       It affects your strength (+4).
   rF:        It protects you from fire.
   rC:        It makes you vulnerable to cold.
   rN:        It protects you from negative energy.
Missiles
 k - 5 boomerangs (quivered)
 q - 6 poisoned darts
 F - 6 curare-tipped darts
Armour
 c - a +0 buckler (worn)
 f - a +1 helmet (worn)
 g - a +0 pair of gloves (worn)
 D - a +0 pair of boots (worn)
 S - +0 pearl dragon scales (worn)
 T - a +1 cloak of stealth (worn)
Jewellery
 n - a +6 ring of dexterity
 y - an amulet of the acrobat (around neck)
 C - a ring of protection from cold
 J - a +5 ring of evasion (right hand)
 R - a ring of willpower (left hand)
Wands
 K - a wand of digging (5)
 O - a wand of flame (50)
 Q - a wand of polymorph (9)
 X - a wand of iceblast (4)
Scrolls
 d - 4 scrolls of blinking
 e - 3 scrolls of vulnerability
 h - a scroll of noise
 i - 4 scrolls of magic mapping
 l - a scroll of brand weapon
 m - a scroll of teleportation
 o - a scroll of immolation
 r - a scroll of fear
 t - a scroll of poison
 E - a scroll of fog
Potions
 j - 4 potions of heal wounds
 p - 7 potions of curing
 u - 3 potions of flight
 x - a potion of ambrosia
 z - 3 potions of invisibility
 B - a potion of attraction
 H - a potion of lignification
 L - 7 potions of berserk rage
 M - a potion of resistance
 U - 2 potions of magic
 W - 3 potions of mutation
Miscellaneous
 P - a lightning rod (4/4)
 Z - a tin of tremorstones (2/2)


   Skills:
 - Level 9.1 Fighting
 - Level 16.0 Axes
 + Level 4.5 Throwing
 + Level 8.9 Armour
 - Level 5.0 Dodging
 - Level 7.0 Shields
 + Level 12.6 Invocations
 - Level 5.0 Evocations


You had 12 spell levels left.
You didn't know any spells.
Your spell library contained the following spells:

 Spells                   Type           Power      Damage    Failure   Level
 Sandblast                Erth           0%         2d4       73%         1
 Shock                    Conj/Air       0%         1d3       73%         1
 Passwall                 Tmut/Erth      0%         N/A       86%         2
 Poisonous Vapours        Pois/Air       0%         N/A       86%         2
 Mephitic Cloud           Conj/Pois/Air  0%         N/A       97%         3
 Stone Arrow              Conj/Erth      0%         3d7       97%         3
 Swiftness                Air            0%         N/A       97%         3
 Volatile Blastmotes      Fire/Tloc      0%         2d10      97%         3
 Airstrike                Air            0%         2d(0-16)  100%        4
 Animate Armour           Summ/Erth      0%         N/A       100%        4
 Fulminant Prism          Conj/Hex       0%         3d5       100%        4
 Iskenderun's Mystic Bla  Conj/Tloc      0%         2d3       100%        4
 Freezing Cloud           Conj/Ice/Air   0%         6-21      100%        5
 Lee's Rapid Deconstruct  Erth           0%         3d4*      100%        5
 Summon Forest            Summ/Tloc      0%         N/A       100%        5
 Eringya's Noxious Bog    Tmut/Pois      0%         N/A       100%        6
 Summon Hydra             Summ           0%         N/A       100%        7
 Lehudib's Crystal Spear  Conj/Erth      0%         10d2      100%        8


Dungeon Overview and Level Annotations

Branches:
Dungeon (10/15)            Temple (1/1) D:5            Lair (5/5) D:8
  Swamp (0/4) Lair:3       Spider (0/4) Lair:2          Orc (0/2) D:9
  Slime: Lair:4-5

Altars:
Elyvilon
Fedhas
Gozag
Hepliaklqana
Makhleb
Nemelex Xobeh
Qazlal
Ru
Sif Muna
Uskayaw
Vehumet
Wu Jian
Xom
Zin
The Shining One

Shops:
D:4 !   D:5 =   D:9 :[(

Annotations:
D:5 2 runed translucent doors
D:7 1 runed translucent door, middlethird's ghost, novice VSTm
D:9 3 runed translucent doors | bloody quickblade, Kingubu's ghost, novice GrEE
Lair:1 exclusion: oklob plant


Message History

You block the seven-headed hydra's attack.
The seven-headed hydra closely misses you.
The seven-headed hydra barely misses you.
The seven-headed hydra completely misses you.
The seven-headed hydra bites you.
The seven-headed hydra bites you but does no damage.
The seven-headed hydra bites you. The black mamba closely misses you.
You can't go up here!
Unknown command.
You puncture the seven-headed hydra!
The seven-headed hydra is heavily wounded.
You block the black mamba's attack.
You block the seven-headed hydra's attack.
The seven-headed hydra bites you but does no damage. x2
The seven-headed hydra bites you!
* * * LOW HITPOINT WARNING * * *
The seven-headed hydra bites you but does no damage. x2
The seven-headed hydra barely misses you.
The black mamba barely misses you. The dream sheep closely misses you.
The seven-headed hydra bites you but does no damage.
The seven-headed hydra bites you.
* * * LOW HITPOINT WARNING * * *
The seven-headed hydra bites you.
* * * LOW HITPOINT WARNING * * *
The seven-headed hydra bites you but does no damage. x4
The dream sheep bites you.
* * * LOW HITPOINT WARNING * * *
As you read the scroll of teleportation, it crumbles to dust.
You feel strangely unstable. You block the black mamba's attack.
The black mamba barely misses you. The dream sheep bites you!
* * * LOW HITPOINT WARNING * * *
You block the dream sheep's attack.
You block the seven-headed hydra's attack.
The seven-headed hydra bites you but does no damage.
The seven-headed hydra barely misses you.
The seven-headed hydra bites you.
* * * LOW HITPOINT WARNING * * *
The seven-headed hydra bites you but does no damage.
The seven-headed hydra bites you!
You die...

..... .# #....
..# #...# ...# .
#...# ##".##
..###...##...#.#
...............#
.....°.F°.....#
..#.†§YY.P....#
....YYS@P##...#
..##.○D○P# ..#
##....# #
#.....# ........
##..?#....
....##... ...P.
#...


You could see a seven-headed hydra (corroded), a black mamba, a cane toad and 4
dream sheep.

Vanquished Creatures
  Gastronok (D:9)
  Erolcha (D:10)
  An orb spider (Lair:2)
  A wizard (D:10)
  Maurice (D:8)
  5 black mambas
  7 cane toads
  5 komodo dragons
  2 polar bears
  2 hornets
  9 blink frogs (Lair:1)
  Prince Ribbit (D:8)
  3 shadows (D:10)
  A wraith (D:9)
  35 yaks
  3 wyverns
  3 basilisks
  An acid dragon (D:9)
  3 wargs (D:8)
  11 water moccasins
  A black bear (D:7)
  2 sky beasts (D:7)
  4 orc warriors
  2 ice beasts
  3 ogres
  4 wolves
  3 centaurs
  3 phantoms
  Blork the orc (D:6)
  9 bullfrogs
  2 kobold brigands
  A gnoll sergeant (D:10)
  3 scorpions
  4 wights (D:7)
  2 howler monkeys (D:7)
  6 orc priests
  3 hounds
  A jelly (D:6)
  Terence (D:3)
  3 iguanas
  16 orc wizards
  Natasha (thrice) (D:3)
  6 gnolls
  10 adders
  A shadow imp (D:6)
  3 white imps (D:6)
  A worm (D:2)
  2 dart slugs
  45 orcs
  7 ball pythons
  3 endoplasms
  3 giant cockroaches
  13 goblins
  5 hobgoblins
  17 kobolds
  6 quokkas
  5 bats
  4 frilled lizards
  A rat (D:3)
305 creatures vanquished.

Vanquished Creatures (collateral kills)
  A skyshark (Lair:4)
1 creature vanquished.

Grand Total: 306 creatures vanquished

Notes
Turn   | Place    | Note
-------+----------+-------------------------------------------
     0 | D:1      | porpoise the Hill Orc Fighter began the quest for the Orb.
     0 | D:1      | Reached XP level 1. HP: 19/19 MP: 1/1
   197 | D:1      | Reached skill level 3 in Axes
   268 | D:1      | Reached XP level 2. HP: 16/27 MP: 2/2
   873 | D:1      | Reached XP level 3. HP: 32/33 MP: 3/3
  1148 | D:2      | Reached skill level 4 in Axes
  1232 | D:2      | Reached XP level 4. HP: 40/40 MP: 4/4
  1896 | D:3      | Noticed Natasha
  1898 | D:3      | Noticed Terence
  1900 | D:3      | Killed Natasha
  1901 | D:3      | Reached skill level 5 in Axes
  1901 | D:3      | Reached XP level 5. HP: 47/47 MP: 5/5
  1910 | D:3      | Killed Terence
  2319 | D:3      | Noticed Natasha
  2325 | D:3      | Killed Natasha
  2346 | D:3      | Noticed Natasha
  2353 | D:3      | Killed Natasha
  2637 | D:4      | Reached skill level 5 in Fighting
  2637 | D:4      | Reached skill level 6 in Axes
  2637 | D:4      | Reached XP level 6. HP: 56/56 MP: 6/6
  2687 | D:4      | Found Oxanepol's Distillery.
  2694 | D:4      | Bought a potion of degeneration for 11 gold pieces
  2833 | D:4      | Reached skill level 5 in Shields
  2899 | D:4      | Reached skill level 7 in Axes
  2899 | D:4      | Reached XP level 7. HP: 48/61 MP: 7/7
  3130 | D:4      | Identified the +6 trident "Qiemisch" {heavy, rF+ rC- rN+
                  | Str+4}
  3202 | D:4      | Found a burning altar of Makhleb.
  3392 | D:5      | Entered Level 5 of the Dungeon
  3677 | D:5      | Identified the +7 rapier of Lesanwys {chaos, rN++ Str-4}
  3790 | D:5      | Reached skill level 8 in Axes
  4086 | D:5      | Found Ynico's Jewellery Boutique.
  4247 | D:5      | Found a staircase to the Ecumenical Temple.
  4256 | D:5      | Reached XP level 8. HP: 70/70 MP: 8/8
  4258 | Temple   | Entered the Ecumenical Temple
  4454 | Temple   | Became a worshipper of Qazlal Stormbringer
  4780 | D:5      | Found a large runed translucent door.
  4780 | D:5      | Found a large runed translucent door.
  4784 | D:5      | Found a shimmering altar of Xom.
  4933 | D:6      | Reached skill level 9 in Axes
  5276 | D:6      | Noticed Blork the orc
  5289 | D:6      | Killed Blork the orc
  5420 | D:6      | Reached skill level 10 in Axes
  5574 | D:7      | Reached XP level 9. HP: 61/79 MP: 9/9
  5665 | D:7      | Reached skill level 11 in Axes
  6019 | D:7      | Found a runed translucent door.
  6020 | D:7      | Noticed middlethird's ghost (novice VSTm)
  6079 | D:7      | Reached skill level 12 in Axes
  6172 | D:7      | Reached * piety under Qazlal
  6303 | D:7      | Noticed a hornet
  6312 | D:7      | Killed a hornet
  6806 | D:8      | Reached skill level 13 in Axes
  6806 | D:8      | Reached skill level 1 in Invocations
  6808 | D:8      | Reached skill level 1 in Dodging
  6815 | D:8      | Reached XP level 10. HP: 88/91 MP: 9/11
  7117 | D:8      | Noticed Maurice
  7152 | D:8      | Killed Maurice
  7245 | D:8      | Reached skill level 14 in Axes
  7260 | D:8      | Found a staircase to the Lair.
  7412 | D:8      | Noticed Prince Ribbit
  7419 | D:8      | Killed Prince Ribbit
  7522 | D:8      | Reached ** piety under Qazlal
  7854 | D:9      | Reached skill level 5 in Invocations
  7909 | D:9      | Reached skill level 15 in Axes
  7989 | D:9      | Found Eleacziso's Book Shop.
  8064 | D:9      | Noticed Gastronok
  8089 | D:9      | Killed Gastronok
  8090 | D:9      | Reached XP level 11. HP: 72/97 MP: 15/15
  8160 | D:9      | Found a runed translucent gate.
  8160 | D:9      | Found a runed translucent gate.
  8161 | D:9      | Found a runed translucent gate.
  8227 | D:9      | Found Direceg's Armour Shoppe.
  8234 | D:9      | Found a staircase to the Orcish Mines.
  8238 | D:9      | Found Zeulotod's Weapon Shoppe.
  8694 | D:9      | Reached *** piety under Qazlal
  8697 | D:9      | Reached skill level 16 in Axes
  8876 | D:9      | Found an opulent altar of Gozag.
  8876 | D:9      | Noticed a centaur warrior
  8877 | D:9      | Noticed Kingubu's ghost (novice GrEE)
  8995 | D:10     | Entered Level 10 of the Dungeon
  9007 | D:10     | Noticed a wizard
  9015 | D:10     | Killed a wizard
  9016 | D:10     | Reached skill level 1 in Evocations
  9321 | D:10     | Reached skill level 5 in Dodging
  9414 | D:10     | Noticed Erolcha
  9448 | D:10     | Killed Erolcha
 10154 | Lair:1   | Entered Level 1 of the Lair of Beasts
 10475 | Lair:1   | Reached skill level 5 in Armour
 10816 | Lair:1   | Reached XP level 12. HP: 91/104 MP: 19/19
 11097 | Lair:1   | Reached skill level 5 in Evocations
 11108 | Lair:1   | Reached skill level 10 in Invocations
 12013 | D:9      | Identified the +5 quick blade of a Million Prophets
                  | {protect, rCorr Int+3}
 12268 | Lair:2   | Reached skill level 1 in Throwing
 12337 | Lair:2   | Reached **** piety under Qazlal
 12699 | Lair:2   | Found a hole to the Spider Nest.
 13565 | Lair:3   | Reached XP level 13. HP: 111/111 MP: 22/22
 13685 | Lair:3   | Found a staircase to the Swamp.
 13927 | Lair:3   | You fall into a shaft and drop 2 floors!
 13927 | Lair:5   | Entered Level 5 of the Lair of Beasts
 13944 | Lair:4   | Slain by a seven-headed hydra

Illustrated notes

Levels and vault maps discovered:
D:1:      onia_arrival_mini_maze_b, layout_basic, minmay_tall_x
D:2:      layout_rooms, nicolae_concentric_dashed_squares_wild
D:3:      layout_basic, minmay_misc_feat_secret_circle, uniq_natasha,
          uniq_terence
D:4:      layout_basic, nicolae_overflow_hidden_temple, serial_shops, shop
D:5:      due_chaos_kobolds, layout_basic, minmay_temple_entry_sparse_star,
          serial_shops, shop
D:6:      layout_rooms, kennysheep_generic_room_10, uniq_blork_the_orc
D:7:      layout_basic, ebering_ghost_inner_flame
D:8:      layout_gridville, erik_lair_orcish_takeover, uniq_prince_ribbit1,
          uniq_maurice
D:9:      minmay_weird_star, layout_irregular_city, orc_david_3,
          ebering_ghost_gozag, serial_shops, shop, uniq_gastronok
D:10:     layout_big_octagon, minivault_25_ag, uniq_erolcha
Temple:   mainiacjoe_temple_trianglar_array
Lair:1:   minmay_lair_oklob_chamber, layout_loops_ring,
          chequers_serial_rivers_room_a
Lair:2:   layout_loops_ring, nicolae_spider_entry_orb_guardian,
          lemuel_fruit_tree
Lair:3:   layout_roguey, swamp_mist, grunt_megastairs_4, serial_bayou_shore_b,
          serial_bayou_shore_a, uniq_rupert
Lair:4:   beast_lair_carwin_large_1, layout_concentric_octagons, serial_rivers,
          chequers_serial_rivers_micro_c, chequers_serial_rivers_room_a,
          chequers_serial_rivers_small_b, chequers_serial_rivers_large_b,
          pdpol_lair_cavern_descent
Lair:5:   hellmonk_lair_end_abyssal_woods, layout_regular_city,
          dpeg_slime_entry_enclosed, gammafunk_ghost_necromancy,
          grunt_forest_small_clearing_treed, grunt_megastairs_2,
          serial_bayou_shore_b

Skill      XL: |  1  2  3  4  5  6  7  8  9 10 11 12 |
---------------+-------------------------------------+-----
Axes           | 3 4 5 6 7 8 10 13 15 16 | 16.0
Fighting       | 4 5 6 7 9 |  9.1
Shields        | 4 5 7 |  7.0
Invocations    | 2 6 9 12 | 12.6
Dodging        | 1 4 5 |  5.0
Evocations     | 4 5 |  5.0
Armour         | 5 8 |  8.9
Throwing       | 4 |  4.5

Action                     |  1- 3 |  4- 6 |  7- 9 | 10-12 | 13-15 || total
---------------------------+-------+-------+-------+-------+-------++-------
  Melee: War axe           |    88 |   121 |   346 |   685 |    27 ||  1267
         Trident           |       |       |     8 |     1 |     5 ||    14
   Fire: Sling             |    12 |    23 |     2 |    52 |       ||    89
  Throw: Boomerang         |       |     4 |       |       |       ||     4
         Dart              |       |       |     5 |     5 |       ||    10
 Invoke: Upheaval          |       |       |       |       |     1 ||     1
         Elemental Force   |       |       |       |       |     1 ||     1
  Evoke: Wand              |       |       |       |       |     2 ||     2
    Use: Scroll            |       |     7 |    10 |     5 |     1 ||    23
         Potion            |       |       |     1 |     3 |       ||     4
 Armour: Scale mail        |    31 |    62 |    40 |       |       ||   133
         Ring mail         |       |       |    70 |    55 |       ||   125
         Pearl dragon scal |       |       |       |   109 |    29 ||   138
  Dodge: Dodged            |    37 |    46 |   164 |   303 |    21 ||   571
  Block: Buckler           |    28 |    27 |    67 |   228 |    23 ||   373
